 Dungeon Crawl Stone Soup version 0.21-a0-401-g0b6bec4 (webtiles) character file.

18 penrosetingle the Caller (level 2, 0/15 HPs)
             Began as a Kobold Summoner on Oct 24, 2017.
             Slain by an adder (3 damage)
             ... on level 2 of the Dungeon.
             The game lasted 00:10:32 (1691 turns).

penrosetingle the Caller (Kobold Summoner)          Turns: 1691, Time: 00:10:33

Health: 0/15       AC:  2    Str:  5    XL:     2   Next: 85%
Magic:  3/5        EV: 15    Int: 16    God:
Gold:   106        SH:  0    Dex: 15    Spells: 2/5 levels left

rFire    . . .     SeeInvis .   e - +0 dagger
rCold    . . .     Gourm    .   (shield restricted)
rNeg     . . .     Faith    .   a - +0 robe
rPois    .         Spirit   .   (no helmet)
rElec    .         Reflect  .   (no cloak)
rCorr    .         Harm     .   (no gloves)
MR       .....                  (no boots)
Stlth    ++........             (no amulet)
HPRegen  0.05/turn              (no ring)
MPRegen  0.09/turn              (no ring)

@: lethally poisoned (0 -> -4)
A: carnivore 3
a: no special abilities


You were on level 2 of the Dungeon.
You were full.

You visited 1 branch of the dungeon, and saw 2 of its levels.

You collected 106 gold pieces.

Inventory:

Hand Weapons
 e - a +0 dagger (weapon)
Armour
 a - a +0 robe (worn)
Scrolls
 d - a scroll of recharging {unknown}
 g - a scroll of identify {unknown}
 j - a scroll of immolation {unknown}
Potions
 h - a potion of mutation {unknown}
 i - a potion of degeneration {unknown}
 k - a potion of might {unknown}
 l - a potion of heal wounds {unknown}
Books
 b - a book of Callings

   Spells                             Type                      Level
   a - Summon Small Mammal            Summoning                    1
   b - Call Imp                       Summoning                    2
   c - Call Canine Familiar           Summoning                    3
   d - Summon Guardian Golem          Hexes/Summoning              3
   e - Summon Lightning Spire         Summoning/Air                4
   f - Summon Ice Beast               Ice/Summoning                4
Comestibles
 c - 2 meat rations
 f - 2 royal jellies


   Skills:
 + Level 0.1 Fighting
 + Level 2.5 Dodging
 + Level 2.6 Stealth
 + Level 2.4 Spellcasting
 + Level 4.5 Summonings


You had 2 spell levels left.
You knew the following spells:

 Your Spells              Type           Power        Failure   Level  Hunger
a - Summon Small Mammal   Summ           ###.         3%          1    #......
b - Call Imp              Summ           ###.....     4%          2    ###....


Dungeon Overview and Level Annotations

Branches:
Dungeon (2/15)

Altars:


Innate Abilities, Weirdness & Mutations

You are small and have problems with some larger weapons.
You are carnivorous and can eat meat at any time.


Message History

Your crimson imp disappears in a puff of smoke!
Your bat misses the adder. The adder bites you.
You are poisoned.
The adder poisons you!
Your magical contamination has completely faded away.
You feel sick.
Your bat barely misses the adder.
The adder completely misses you.
Your bat barely misses the adder.
Your bat hits the adder but does no damage.
There is a stone staircase leading up here.
You feel sick.
Your bat barely misses the adder.
The adder closely misses you.
Your bat hits the adder.
Your bat barely misses the adder.
Your bat misses the adder.
You feel sick.
Your bat completely misses the adder.
The adder bites you.
* * * LOW HITPOINT WARNING * * *
Your bat misses the adder.
Found a stone staircase leading up.
Your bat misses the adder.
You feel sick. The adder bites you.
You die...

#.....#.... ...#.
#.##.#.#...$>.
...#.######....#.#.#....
..............#.#...)..
#......##....#.#.#.#.#
#......##....#.....#.#
#......#.....##....#.#
#......#...........#.#
#....@Sb......<....#.#
#.....##.........#.#.#
#.....######.....#.#.#
#.......# #####...#.#
#..<....# #...(......#
#....#### #..........#
#.... #..........# #....
#...........
#...........


You could see an adder and a friendly bat.

Vanquished Creatures
  An ooze (D:1)
  A goblin (D:2)
  A hobgoblin (D:1)
  3 bats
6 creatures vanquished.

Vanquished Creatures (collateral kills)
  3 bats (D:1)
  A giant cockroach (D:2)
  2 kobolds (D:1)
  3 frilled lizards (D:1)
  6 rats (D:1)
15 creatures vanquished.

Grand Total: 21 creatures vanquished

Notes
Turn   | Place    | Note
-------+----------+-------------------------------------------
     0 | D:1      | penrosetingle the Kobold Summoner began the quest for the Orb.
     0 | D:1      | Reached XP level 1. HP: 10/10 MP: 3/3
   564 | D:1      | Reached XP level 2. HP: 15/15 MP: 3/5
  1589 | D:1      | Learned a level 2 spell: Call Imp
  1691 | D:2      | Slain by an adder

Vault maps used:
D:1:      dpeg_arrival_circle_labyrinth_c, st_stairs_11
D:2:      lemuel_upstairs_altar, st_stairs_4

Action                   || total
-------------------------++-------
Melee: Dagger            ||    47
       Unarmed           ||     7
 Cast: Summon Small Mamm ||    20
       Call Imp          ||     2
  Eat: Chunk             ||     7
Armor: Robe              ||    15
Dodge: Dodged            ||    91

Table legend:
 A = Spawn XP
 B = Non-spawn XP
 C = Spawn XP percentage of total XP
 D = Spawn monster count
 E = Non-spawn monster count
 F = Spawn count percentage of total count
 G = Total turns spent on level
                    A         B        C        D         E        F      G
               +---------+---------+-------+---------+---------+-------+---------
         Total |       0 |      26 |   0.0 |       0 |      21 |   0.0 |  1691
               +---------+---------+-------+---------+---------+-------+---------
           D:1 |       0 |      22 |   0.0 |       0 |      18 |   0.0 |  1590
           D:2 |       0 |       4 |   0.0 |       0 |       3 |   0.0 |   101
               +---------+---------+-------+---------+---------+-------+---------
